[Event "1000 GM Labor Day Super Swiss 2024"]
[Site "San Jose"]
[Date "2024.09.03"]
[Round "7.1"]
[White "Macovei, Andrei"]
[Black "Cordova, Emilio"]
[Result "1/2-1/2"]
[Annotator "TA"]
[ECO "B07"]
[WhiteElo "2466"]
[BlackElo "2519"]
[PlyCount "30"]
[EventDate "2024.08.30"]
[EventType "swiss"]
[EventCountry "USA"]
[SourceTitle "playchess.com"]
[Source "ChessBase"]
[SourceQuality "1"]
[TimeControl "5400+30"]

1. e4 Nc6 2. Nf3 d6 3. d4 Nf6 4. c3 g6 5. Bd3 Bg7 6. O-O O-O 7. Re1 e5 8. h3 Re8 9. Na3 h6 10. Nc2 a5 11. a4 Bd7 {[%emt 0:02:22] White has an edge.} 12. Bd2 Nh5 13. Bb5 (13. b3 $14) 13... Nf6 $11 14. Bd3 Nh5 15. Bb5 Nf6 {[%emt 0:00:17] Weighted Error Value: White=0.26 (precise) /Black=0.06 (flawless) .  Mistake:       	White=1     	---        OK:         	---       	Black=4} 1/2-1/2

[Event "1000 GM Labor Day Super Swiss 2024"]
[Site "San Jose"]
[Date "2024.09.03"]
[Round "7.2"]
[White "Koustav Chatterjee"]
[Black "Quesada Perez, Yasser"]
[Result "0-1"]
[Annotator "TA"]
[ECO "D02"]
[WhiteElo "2524"]
[BlackElo "2581"]
[PlyCount "96"]
[EventDate "2024.08.30"]
[EventType "swiss"]
[EventCountry "USA"]
[SourceTitle "playchess.com"]
[Source "ChessBase"]
[SourceQuality "1"]
[TimeControl "5400+30"]

1. Nf3 Nf6 2. g3 d5 3. Bg2 c6 4. O-O Bg4 5. d4 Nbd7 6. Nbd2 e6 7. Re1 Be7 8. e4 dxe4 9. Nxe4 Nxe4 10. Rxe4 Nf6 11. Re1 O-O 12. c3 Qb6 13. h3 Bxf3 14. Bxf3 Rfd8 15. Qc2 {[%emt 0:04:49] The position is equal.} Rd7 16. Kg2 a5 17. h4 Rad8 18. a3 Qa6 19. Bg5 h6 20. Be2 Qb6 21. Bxf6 Bxf6 22. b4 Qc7 23. Qe4 Qd6 {[%emt 0:01:01] Black is weak on the light squares} 24. Bc4 b6 25. Re3 Ra7 26. Rae1 axb4 27. axb4 Ra3 28. Qc2 {[%emt 0:05:23][%cal Re3e6] Rxe6! would now be deadly.} Re8 29. f4 h5 $2 (29... Re7 $11 {and Black stays safe.}) 30. f5 $1 $18 e5 31. Qe2 (31. Qb2 $1 $18 Ra7 32. Qe2) 31... b5 $1 $14 32. Ba2 (32. dxe5 {simplifies} Rxe5 33. Rxe5 Bxe5 34. Qxe5 Qxe5 35. Rxe5 bxc4 36. Re8+) 32... Re7 {[%emt 0:11:53][%cal Oe5d4] aiming for ...exd4!} 33. Bb1 (33. dxe5 $14 Rxe5 34. Rxe5 Bxe5 35. Kh3) 33... Qd5+ (33... exd4 $2 34. Rxe7 Bxe7 35. Qxe7 $18) (33... Rxc3 $1 $11 34. Rxc3 exd4 (34... Qxb4 $2 35. Rxc6 Re8 36. d5 $18) 35. Qxe7 Bxe7) 34. Kh3 $2 (34. Qf3 $1 $16 {stays on course.}) 34... Rxc3 $1 $17 {[%emt 0:00:59] Black is more active.} 35. Rxc3 (35. Be4 $17 Rxe3 (35... Qxd4 36. Rxc3 Qxc3 37. Rd1 $17) 36. Qxe3 exd4 (36... Qxd4 37. Bxc6 Qg4+ 38. Kh2 $17) 37. Qf3) 35... exd4 $19 (35... Qxd4 $2 {perishes.} 36. Rd1 $18 (36. Rxc6 Re8 $18)) 36. Be4 $2 (36. Qxe7 Bxe7 37. Be4) 36... Rxe4 37. Qxe4 dxc3 38. Qxd5 (38. Qe2 Qxf5+ 39. Kg2) 38... cxd5 {[%emt 0:00:04][%mdl 4096] Endgame. KR-KB} 39. Kg2 {[%emt 0:00:03] [#]} d4 $1 40. Kf3 d3 41. Ke3 d2 42. Ra1 {[%emt 0:00:01] [#]} Be7 $2 (42... Kh7 $1 $19 {( -> ...c2)} 43. Rf1 Be7) 43. Kd3 (43. Ra8+ $11 Kh7 44. Ke2) 43... Bxb4 {[%emt 0:00:13] Black is clearly winning.} 44. Kc2 Bd6 45. Ra8+ Kh7 46. Rd8 Bxg3 47. Kxc3 Bxh4 48. Rd7 Be1 {[%emt 0:00:52] Weighted Error Value: White=0.59/Black=0.35.  Loses game:     	White=2     	Black=1      Missed win:     	---       	Black=1      Mistake:       	White=5     	Black=1      Inaccurate:     	---       	Black=1      OK:         	White=9     	Black=9      Best:        	White=1     	Black=4      Strong:       	---       	Black=2} 0-1

[Event "1000 GM Labor Day Super Swiss 2024"]
[Site "San Jose"]
[Date "2024.09.03"]
[Round "7.3"]
[White "Sheng, Joshua"]
[Black "Corrales Jimenez, Fidel"]
[Result "1/2-1/2"]
[Annotator "TA"]
[ECO "B92"]
[WhiteElo "2474"]
[BlackElo "2564"]
[PlyCount "83"]
[EventDate "2024.08.30"]
[EventType "swiss"]
[EventCountry "USA"]
[SourceTitle "playchess.com"]
[Source "ChessBase"]
[SourceQuality "1"]
[TimeControl "5400+30"]

1. e4 c5 2. Nf3 d6 3. d4 cxd4 4. Nxd4 Nf6 5. Nc3 a6 6. Be2 e5 7. Nf3 h6 8. Nd2 b5 9. a4 b4 10. Nd5 {[%emt 0:00:44] White is slightly better.} Nxd5 11. exd5 Be7 12. Nc4 ({White should try} 12. a5 $1 $14) 12... a5 $1 $11 13. f4 Nd7 14. Be3 O-O 15. O-O Ba6 16. fxe5 Bxc4 17. Bxc4 Nxe5 18. Bb5 Bf6 19. Bd4 Nd7 20. Kh1 Bxd4 21. Qxd4 Rc8 22. Rac1 {[%emt 0:01:06] The position is equal.} Qb6 23. Qd2 Ne5 24. c3 bxc3 25. Rxc3 Rxc3 26. Qxc3 Ra8 27. b4 axb4 28. Qxb4 g6 29. h3 Kg7 30. Kh2 h5 31. Rd1 f5 32. Qd4 Qxd4 33. Rxd4 {[%emt 0:00:04][%mdl 4096] Endgame. KRB-KRN} Kf6 34. h4 g5 35. hxg5+ Kxg5 36. Rd1 h4 37. Ra1 Ra5 38. Rc1 Ra7 39. Rc8 Kf4 40. Kh3 Ng4 41. Rc4+ Ke5 42. Bc6 {[%emt 0:07:57] Weighted Error Value: White=0.06 (flawless) /Black=0.04 (flawless) .  Mistake:       	White=1     	---        Inaccurate:     	White=2     	Black=1      OK:         	White=10    	Black=18     Best:        	White=1     	---        Strong:       	---       	Black=1} 1/2-1/2

[Event "1000 GM Labor Day Super Swiss 2024"]
[Site "San Jose"]
[Date "2024.09.03"]
[Round "7.4"]
[White "Atwell, Rose"]
[Black "Mikaelyan, Arman"]
[Result "0-1"]
[Annotator "TA"]
[ECO "B08"]
[WhiteElo "2208"]
[BlackElo "2529"]
[PlyCount "80"]
[EventDate "2024.08.30"]
[EventType "swiss"]
[EventCountry "USA"]
[SourceTitle "playchess.com"]
[Source "ChessBase"]
[SourceQuality "1"]
[TimeControl "5400+30"]

1. e4 g6 2. d4 Bg7 3. Nc3 d6 4. Nf3 Nf6 5. Be2 O-O 6. O-O a6 7. Re1 b5 8. e5 dxe5 9. Nxe5 Bb7 {[%emt 0:02:54] White is slightly better.} 10. Bf3 Qc8 11. Bg5 h6 {[%emt 0:13:34] [#]} 12. Be3 (12. Bxf6 $1 $16 Bxf6 13. Qd3 Bxf3 14. Qxf3) 12... Rd8 13. Qe2 {[%emt 0:02:21][%cal Oe3h6] Hoping for Bxh6!} Nbd7 14. Nc6 Re8 15. Qd2 Kh7 16. Bf4 $1 e6 17. h4 Nb6 18. b3 {[%emt 0:04:22] Against Nc4} b4 19. Ne4 (19. Nxb4 Bxf3 20. gxf3 Qb7 $11) 19... Nxe4 20. Bxe4 Qd7 21. Ne5 (21. Nxb4 {simplifies} Bxe4 22. Rxe4 a5 23. Nd3) 21... Bxe5 22. Bxe5 Bxe4 23. Rxe4 Nd5 24. h5 {[%emt 0:01:55] And now hxg6+ would win.} g5 25. Qd3 f5 {[%emt 0:01:47] [#]} 26. Rae1 Qb5 {[%emt 0:06:51] ...Qxd3 is the strong threat.} (26... fxe4 $2 27. Qxe4+ Kg8 28. Qg6+ Kf8 29. Qxh6+ Ke7 30. Qxg5+ Kf8 31. Re3 $18) (26... Qf7 $5 27. Qf3 Re7 $15 (27... g4 $2 28. Rxg4 Rg8 29. Rxg8 $18)) 27. Qf3 {[%emt 0:01:08][%cal Oe5h2] Strongly threatening Bh2!} Qc6 28. c4 bxc3 (28... fxe4 29. Qf7#) 29. Rc1 Ne7 (29... fxe4 30. Qf7#) (29... Re7 $15 30. Re3 Qe8) 30. Re3 ({White should try} 30. d5 $1 $11 Qxd5 (30... fxe4 31. Qf7#) 31. Rce1) 30... Qxf3 $15 31. Rxf3 Nd5 $36 {[%emt 0:00:06][%mdl 2048] Black is more active.} 32. g4 Rf8 (32... fxg4 $2 33. Rf7+ Kg8 34. Rg7+ Kf8 35. Rh7 $18) (32... Rac8 $17 33. Rfxc3 (33. gxf5 exf5 34. Rxf5 Kg8 $17) 33... Nxc3 34. Rxc3 c6 (34... fxg4 35. b4 $15)) 33. gxf5 Rxf5 34. Rxf5 (34. Rfxc3 $15 Nxc3 35. Rxc3) 34... exf5 {[%emt 0:00:07][%mdl 4096] Endgame. KRB-KRN} 35. Kg2 (35. Kf1 $142) 35... Kg8 36. f4 $2 (36. Kf1 {is more resistant.}) 36... g4 $19 {[%emt 0:01:05] Black is clearly winning.} (36... Nxf4+ $2 {too greedy.} 37. Bxf4 gxf4 38. Rxc3 $16) 37. Kf2 Kf7 38. Ke2 Rg8 39. b4 g3 (39... Nxb4 40. Rxc3 Nd5 (40... Nxa2 41. Rxc7+ Ke6 42. Rc6+ Kd5 43. Rxh6 $11) 41. Rc5 $17) 40. Kf3 g2 {[%emt 0:00:40] Weighted Error Value: White=0.59/Black=0.16 (very precise) .  Mistake:       	White=7     	Black=2      Inaccurate:     	White=4     	Black=5      OK:         	White=6     	Black=17     Best:        	---       	Black=2      Strong:       	White=1     	---} 0-1

[Event "1000 GM Labor Day Super Swiss 2024"]
[Site "San Jose"]
[Date "2024.09.03"]
[Round "7.5"]
[White "Schitco, Ivan"]
[Black "Delgado Ramirez, Neuris"]
[Result "1/2-1/2"]
[Annotator "TA"]
[ECO "A13"]
[WhiteElo "2518"]
[BlackElo "2485"]
[PlyCount "113"]
[EventDate "2024.08.30"]
[EventType "swiss"]
[EventCountry "USA"]
[SourceTitle "playchess.com"]
[Source "ChessBase"]
[SourceQuality "1"]
[TimeControl "5400+30"]

1. c4 e6 2. g3 d5 3. Bg2 Nf6 4. Nf3 dxc4 5. Qa4+ Bd7 6. Qxc4 {[%emt 0:00:06] A13: English Opening: 1...e6.} c5 7. Ne5 Qc8 8. Qd3 $1 {[%emt 0:00:26] 8.Qd3 scores better than 8.0-0.} Bc6 9. Nxc6 Nxc6 10. Qb5 Be7 11. Bxc6+ bxc6 12. Qa4 O-O $146 ({Predecessor:} 12... e5 13. d3 h5 14. Bg5 Rb8 15. Nd2 Rxb2 16. Nc4 Rb4 17. Qxa7 e4 18. Bxf6 gxf6 {0-1 Pantsulaia,L (2535)-Danielyan,V (2331) Titled Tuesday intern op 02nd Apr Early blitz 2024 (4)}) 13. d3 Rd8 14. Nd2 e5 15. Nf3 Qe6 16. Qb3 Nd5 17. Qc4 Rab8 18. a3 f6 19. Rb1 Nc7 20. Qxe6+ Nxe6 21. Nd2 Nd4 22. e3 Nb3 23. Ke2 Rd7 24. Rd1 Na5 25. g4 Kf7 26. Ne4 c4 27. dxc4 Rxd1 28. Kxd1 Nxc4 29. Kc2 Nd6 30. Ng3 g6 31. Bd2 Nc4 32. Bc3 Ke6 33. Rg1 Nb6 34. Re1 Nd5 35. f4 exf4 36. exf4+ Kf7 37. Bd2 Bd6 38. Re4 Re8 39. Ra4 Bb8 40. Kd3 Nb6 41. Ra6 c5 42. f5 Re7 43. Bc3 gxf5 44. gxf5 Rd7+ 45. Ke2 Rd5 (45... Nd5 $11 {remains equal.}) 46. a4 $16 Nd7 ({Black should play} 46... Ke7 $14) 47. Ne4 (47. Kf3 $16) 47... Rxf5 $11 48. Nd6+ Bxd6 49. Rxd6 Ke7 50. Ra6 Rh5 51. Rxa7 Rxh2+ 52. Kf3 Kd6 53. a5 Rh4 54. Ra6+ Kd5 55. Ra7 Kc6 56. Ra6+ Kd5 57. Ra7 1/2-1/2

[Event "1000 GM Labor Day Super Swiss 2024"]
[Site "San Jose"]
[Date "2024.09.03"]
[Round "7.6"]
[White "Chen, Ryo"]
[Black "Harsha Bharathakoti"]
[Result "1/2-1/2"]
[Annotator "TA"]
[ECO "C70"]
[WhiteElo "2408"]
[BlackElo "2550"]
[PlyCount "45"]
[EventDate "2024.08.30"]
[EventType "swiss"]
[EventCountry "USA"]
[SourceTitle "playchess.com"]
[Source "ChessBase"]
[SourceQuality "1"]
[TimeControl "5400+30"]

1. e4 e5 2. Nf3 Nc6 3. Bb5 a6 4. Ba4 Nge7 5. c3 Ng6 6. h4 (6. d4 $14) 6... d5 7. h5 $1 dxe4 (7... Nf4 8. d4 Bg4 (8... dxe4 9. Nxe5 Nd3+ 10. Nxd3 $16) (8... Nxg2+ 9. Kf1 $16) 9. Bxf4 (9. dxe5 Nxg2+ 10. Kf1 Nh4 $17) 9... exf4 10. Qe2 dxe4 11. Qxe4+ Qe7 12. Bxc6+ bxc6 13. Ne5 $16) 8. hxg6 {[%emt 0:00:12] White is slightly better.} exf3 9. gxf7+ (9. Qxf3 fxg6 10. d4 Qf6 $11) (9. Bxc6+ bxc6 10. Qxf3 (10. gxh7 $2 {perishes.} fxg2 11. Rg1 Rxh7 $19) 10... fxg6 $15) 9... Kxf7 10. Qxf3+ ({Much worse is} 10. gxf3 Bf5 $15) 10... Qf6 11. Bb3+ Be6 12. Bxe6+ Kxe6 13. Qg4+ Qf5 14. Qxf5+ Kxf5 15. d3 Be7 16. Be3 Nd8 17. Nd2 Nf7 18. Ne4 Ke6 19. b4 {[%emt 0:21:52] White is more active.} ({White should try} 19. O-O-O $16) 19... Nd6 $11 20. Nc5+ Kf7 21. a4 b6 22. Ne4 Nxe4 23. dxe4 {[%emt 0:00:01] Weighted Error Value: White=0.14 (very precise) /Black=0.10 (very precise) .  Mistake:       	White=1     	---        Inaccurate:     	White=1     	Black=3      OK:         	White=8     	Black=5      Best:        	White=1     	Black=3      Strong:       	White=1     	---} 1/2-1/2

[Event "1000 GM Labor Day Super Swiss 2024"]
[Site "San Jose"]
[Date "2024.09.03"]
[Round "7.7"]
[White "Batchuluun, Tsegmed"]
[Black "Wu, Derek"]
[Result "1-0"]
[Annotator "TA"]
[ECO "E11"]
[WhiteElo "2458"]
[BlackElo "2278"]
[PlyCount "111"]
[EventDate "2024.08.30"]
[EventType "swiss"]
[EventCountry "USA"]
[SourceTitle "playchess.com"]
[Source "ChessBase"]
[SourceQuality "1"]
[TimeControl "5400+30"]

1. d4 Nf6 2. c4 e6 3. Nf3 d5 4. g3 Bb4+ 5. Bd2 a5 6. Bg2 O-O 7. Qc2 c5 8. cxd5 cxd4 9. Nxd4 Qb6 {[%emt 0:00:17] White has an edge.} 10. e3 exd5 11. O-O Nc6 12. Nxc6 bxc6 13. Rc1 Rb8 14. Bxb4 Qxb4 15. b3 Be6 16. Nc3 c5 17. Ne2 Rfc8 18. Nf4 c4 19. Nxe6 fxe6 20. bxc4 Rxc4 21. Qd1 Rbc8 22. Bh3 Kf7 23. Rcb1 Qc5 24. Rb7+ Rc7 25. Rab1 (25. Rxc7+ {simplifies} Qxc7 26. Bf1 Rc3 27. Rb1) 25... Ke7 (25... Rb4 $11 26. Rxc7+ Qxc7) 26. Bf1 $1 $16 Rc2 {[%emt 0:03:35] [#]} 27. R1b5 (27. Bd3 $1 $16 Rxa2 28. R1b5 (28. Rc1 Qxc1 29. Qxc1 Rxb7 $11)) 27... Qc3 $11 28. Qd3 (28. Rxc7+ {simplifies} Qxc7 29. Rb7 Qxb7 30. Qxc2 Qb4 31. h3) 28... Ne4 29. Rxc7+ Qxc7 30. Qa3+ Qd6 31. Qxa5 {[%emt 0:04:27] Bd3 is the strong threat.} Rxf2 32. Rb7+ Kf6 33. Qa7 Qf8 {[%emt 0:00:43] Prevents Rf7+.} 34. Bd3 $36 {[%emt 0:01:36][%mdl 2048] Bxe4 would now be deadly. White has the initiative.} Rf5 {[%emt 0:10:35] [#]} (34... Rd2 $1 $11 {keeps the balance.} 35. Bxe4 (35. Qd4+ e5 $11) 35... Rd1+ 36. Kg2 Rd2+ 37. Kg1 dxe4) 35. Bxe4 (35. Qd4+ $142 $1 Kg6 36. Bxe4 dxe4 37. Qxe4) 35... dxe4 $16 {[%emt 0:00:09][%mdl 4096] Endgame. KQR-KQR} 36. Qd4+ Kg6 37. Qxe4 {[%emt 0:00:07][%cal Og3g4] Strongly threatening g4! White has more active pieces.} Kh6 38. Qxe6+ g6 {[%emt 0:00:05] And now ...Rf1+ would win.} 39. Qe4 Rf1+ 40. Kg2 Rf2+ 41. Kh3 Qc8+ $2 (41... Qf6 $18 42. a4 Qf5+ 43. Qxf5 gxf5) 42. g4 Qd8 43. Re7 Qa5 44. Qd4 Rf3+ 45. Kg2 Qa8 46. Qe4 $2 (46. g5+ {mates} Kh5 47. Rxh7+ Kxg5 48. h4+ Kf5 49. Qd7+ Kf6 50. Qe7+ Kf5 51. Rf7+ Kg4 52. Qg5#) 46... Rf8 47. Kg3 Qb8+ 48. Kh3 {[%emt 0:00:19][%cal Og4g5] g5+! would kill now.} (48. Qe5 Qxe5+ 49. Rxe5 Ra8 $11) 48... Qc8 $2 (48... Qb5 $18 49. Kg3 Qb8+ 50. Kh3 (50. Qe5 Qxe5+ 51. Rxe5 Ra8 $11) 50... Qb5) 49. a4 (49. Qe5 $142 Rf5 50. gxf5 Qxf5+ 51. Qxf5 gxf5 52. Kg3 Kg5 53. Re5 (53. Rxh7 Kg6 54. Rc7 Kg5 55. a4 Kf6 56. Kf4 Ke6 57. a5 Kd6) 53... h6 54. a4) 49... Qc5 $18 50. Qe5 $2 (50. Rb7 {aiming for Re7.} Rf6 51. Rb5) 50... Rf3+ 51. Kg2 {[%emt 0:00:06] Intending g5+ and mate.} Qc6 52. Qe4 Qf6 (52... Rf6 $18 53. Qxc6 Rxc6) 53. h4 {[%emt 0:01:19] White mates.} Rf2+ 54. Kg3 Rf3+ 55. Qxf3 Qxe7 56. g5+ {[%emt 0:00:04] Weighted Error Value: White=0.24 (precise) /Black=0.40.  Mistake:       	White=3     	Black=5      Inaccurate:     	White=2     	Black=3      OK:         	White=18    	Black=12     Best:        	White=4     	Black=4      Strong:       	White=1     	---} 1-0

[Event "1000 GM Labor Day Super Swiss 2024"]
[Site "San Jose"]
[Date "2024.09.03"]
[Round "7.8"]
[White "Montes Orozco, Miguel Angel"]
[Black "Hevia Alejano, Carlos Antonio"]
[Result "0-1"]
[Annotator "TA"]
[ECO "B15"]
[WhiteElo "2155"]
[BlackElo "2414"]
[PlyCount "66"]
[EventDate "2024.08.30"]
[EventType "swiss"]
[EventCountry "USA"]
[SourceTitle "playchess.com"]
[Source "ChessBase"]
[SourceQuality "1"]
[TimeControl "5400+30"]

1. d4 g6 2. e4 c6 3. Nc3 d5 4. f3 Bg7 5. Be3 e6 6. Qd2 b6 7. O-O-O Ba6 8. Nge2 h5 {[%emt 0:07:41] White is better.} 9. Kb1 Ne7 10. g4 Bxe2 11. Bxe2 Nd7 12. exd5 cxd5 13. Ba6 Kf8 14. h3 b5 15. Bxb5 $16 ({Stronger than} 15. Nxb5 Qb6 16. Qc3 Qxa6 $17) 15... Rb8 16. Bf4 Rb6 17. Qe2 (17. Be2 $18) 17... Nc6 18. Bd6+ {[%emt 0:05:57] This pair of bishops is nice. Black is weak on the light squares} (18. Be3 $16) 18... Kg8 $14 19. Bc5 {[%emt 0:00:17] This costs White the game.} (19. Bxc6 $14 {keeps the upper hand.} Rxc6 20. Bf4) 19... Nxc5 $19 20. dxc5 {[%emt 0:00:02] [#]} Rb8 21. Bxc6 Bxc3 22. Bb5 (22. b3 $142) 22... Qa5 $1 23. bxc3 (23. a4 $2 {gets mated.} Qb4 24. b3 Qa3 25. gxh5 Qb2#) 23... Rxb5+ 24. Kc1 Rxc5 {[%emt 0:00:14] ...Qa3+ would now be deadly.} 25. Rd3 Rxc3 ({But not} 25... Qxa2 26. Kd2 $19) 26. Qd2 Qa3+ 27. Kb1 Rxd3 28. cxd3 hxg4 29. fxg4 {[%emt 0:00:05] KQR-KQR} Kg7 30. Ka1 Rc8 31. Qb2+ Qxb2+ 32. Kxb2 g5 33. Rf1 d4 {[%emt 0:00:44] Weighted Error Value: White=0.33/Black=0.06 (flawless) .  Loses game:     	White=1     	---        Mistake:       	White=3     	Black=1      OK:         	White=9     	Black=12     Best:        	White=1     	Black=5      Strong:       	---       	Black=1} 0-1

[Event "1000 GM Labor Day Super Swiss 2024"]
[Site "San Jose"]
[Date "2024.09.03"]
[Round "7.9"]
[White "Yim, Sung Ho"]
[Black "Bansal, Advay"]
[Result "1-0"]
[Annotator "TA"]
[ECO "D91"]
[WhiteElo "2291"]
[BlackElo "2234"]
[PlyCount "53"]
[EventDate "2024.08.30"]
[EventType "swiss"]
[EventCountry "USA"]
[SourceTitle "playchess.com"]
[Source "ChessBase"]
[SourceQuality "1"]
[TimeControl "5400+30"]

1. d4 Nf6 2. c4 g6 3. Nc3 d5 4. Nf3 Bg7 5. Bg5 dxc4 6. e4 c5 7. d5 b5 8. d6 Bb7 $1 9. e5 (9. Nxb5 Qa5+ (9... Bxe4 $2 10. Nc7+ Kf8 11. Bxc4 $18) 10. Nd2 Qxb5 $17) 9... Ne4 $1 10. Nxe4 (10. dxe7 Qxd1+ 11. Rxd1 Nxg5 12. Nxg5 a6 $15 (12... Bxe5 13. Nxb5 h6 14. f4 $11)) (10. Bxe7 Qa5 11. Be2 Nxc3 12. bxc3 Qxc3+ 13. Kf1 Nc6 $17 (13... Bxe5 $2 14. Rc1 $18)) 10... Bxe4 11. a4 {[%emt 0:00:00] The position is equal.} (11. Bxe7 Qa5+ 12. Qd2 Qxd2+ 13. Nxd2 Bd5 $15) (11. dxe7 Qxd1+ 12. Rxd1 Nd7 $14 (12... Nc6 13. Bf6 $11)) 11... a6 12. Bxe7 Qa5+ 13. Nd2 {[%emt 0:00:00][%cal Bf3d2,Bd2c4,Bc4e3][%mdl 32] [#] Threatens to win with axb5.} Bd5 $2 (13... Bh6 $1 $14) 14. axb5 $18 Qxb5 15. f4 Qxb2 (15... Nc6 $16 {was called for.}) 16. Qa4+ $2 (16. Nxc4 Qb4+ 17. Qd2 Nd7 $16) (16. Bxc4 $18 Bxc4 17. Rb1 (17. Nxc4 Qb4+ 18. Nd2 Qxf4 $14)) 16... Qb5 $2 ({Black should play} 16... Bc6 $1 $14 17. Qa2 (17. Qxc4 $2 Qxa1+ 18. Kf2 Qb2 $19) (17. Qa5 Nd7 $11) 17... c3) 17. Nxc4 {[%emt 0:00:00] Nb6 would now be deadly.} Qxa4 18. Rxa4 Nd7 {[%emt 0:00:18] [#] Inhibits Nb6.} (18... Ra7 $16 {was necessary.} 19. Ne3 (19. Nb6 Bc6 $16) 19... Bc6) 19. Ne3 $1 Bb3 20. Ra3 $40 {[%emt 0:00:00][%mdl 128] White attacks with force.} (20. Rxa6 $6 Rxa6 21. Bxa6 f6) 20... Be6 (20... Rb8 $142 21. Bxa6 (21. Rxa6 f6 $18) 21... f6) 21. Bc4 (21. Bxa6 h5 22. O-O f6 $18) (21. Rxa6 Rxa6 22. Bxa6 f6) 21... Bxc4 22. Nxc4 g5 23. g3 (23. fxg5 Nxe5 24. Nb6 Ra7 $18) 23... Rg8 (23... h5 $142 24. O-O (24. fxg5 Nxe5 25. Nb6 Rb8 $16) (24. Bxg5 f6 $18) 24... Rg8 25. Bxg5 f6 26. exf6 Bxf6 27. Re1+ Kf8 28. Bxf6 Nxf6) 24. Ke2 ({Not} 24. fxg5 Bxe5 25. O-O Bd4+ 26. Kg2 Rg6 $18) ({Don't do} 24. Bxg5 f6 25. exf6 Nxf6 26. Bxf6 Bxf6 $18) 24... gxf4 25. gxf4 {[%emt 0:00:00] And now Rg1 would win. White is clearly winning.} Bh6 (25... Bf8 $142 26. Bh4 h5) 26. Kf3 Bf8 27. Bh4 {[%emt 0:00:00] Weighted Error Value: White=0.25 (precise) /Black=0.53.  Loses game:     	---       	Black=2      Missed win:     	White=1     	---        Mistake:       	---       	Black=5      Inaccurate:     	White=1     	---        OK:         	White=8     	Black=4      Best:        	White=2     	Black=1      Strong:       	White=1     	Black=1} 1-0

[Event "1000 GM Labor Day Super Swiss 2024"]
[Site "San Jose"]
[Date "2024.09.03"]
[Round "7.10"]
[White "Guo, Andrew"]
[Black "Yoo, Christopher Woojin"]
[Result "0-1"]
[Annotator "TA"]
[ECO "E12"]
[WhiteElo "2207"]
[BlackElo "2616"]
[PlyCount "88"]
[EventDate "2024.08.30"]
[EventType "swiss"]
[EventCountry "USA"]
[SourceTitle "playchess.com"]
[Source "ChessBase"]
[SourceQuality "1"]
[TimeControl "5400+30"]

1. d4 Nf6 2. Nf3 b6 3. c4 e6 4. a3 Bb7 5. Bg5 Be7 6. Nc3 O-O 7. e3 h6 8. Bh4 c5 {[%emt 0:02:18] The position is equal.} 9. Be2 cxd4 10. Qxd4 Nc6 11. Qd1 Rc8 12. O-O Na5 13. Nd2 $1 Ba6 14. Nb5 Bxb5 15. cxb5 d5 16. Qa4 Qc7 {[%emt 0:03:52] Prevents Rac1.} 17. Bd3 {[%emt 0:10:01] Repels Qc2} Nb7 18. Qd1 Nc5 19. Be2 Nfe4 20. Bxe7 Qxe7 21. Nf3 Rc7 22. Nd4 Qf6 23. Rb1 Rfc8 $36 {[%emt 0:01:52][%mdl 2048] White is under pressure.} 24. Nc6 {[%emt 0:01:20] [#]} a6 $1 25. a4 (25. Nd4 a5) 25... Nd6 {[%emt 0:04:47][%cal Oc5a4] Excellent horsemanship.} 26. Nb4 a5 27. Nc6 Nf5 28. b4 axb4 29. Rxb4 Ne7 30. Nxe7+ {[%emt 0:00:00] Black continues to play with concentration.} Qxe7 31. Rd4 Ne4 32. Qa1 Nc3 33. Rd2 Qb4 34. Rb2 Qxa4 {[%emt 0:05:06] Black has more active pieces.} 35. Qxa4 Nxa4 36. Rb4 Nc3 37. Bd3 Kf8 38. Ra1 {[%emt 0:00:00] [#]} Ne4 $1 39. Rbb1 {[%emt 0:00:00] [#] Wards off Rc1+} Nd2 $1 40. Rd1 Nb3 41. Rab1 Rc1 42. Rdxc1 Rxc1+ 43. Rxc1 Nxc1 44. Bf1 Ke7 {[%emt 0:00:39] Weighted Error Value: White=0.11 (very precise) /Black=0.02 (flawless) .  Inaccurate:     	White=3     	---        OK:         	White=14    	Black=20     Best:        	---       	Black=1      Strong:       	White=1     	---        Brilliant:      	---       	Black=1} 0-1